 Dungeon Crawl Stone Soup version 0.16.2-12-gd0ad4c3 (webtiles) character file.

37 tidbits the Insei (level 3, -4/27 HPs)
             Began as a Demigod Transmuter on Aug 26, 2017.
             Slain by a water moccasin (6 damage)
             ... on level 3 of the Dungeon.
             The game lasted 00:11:49 (954 turns).

tidbits the Insei (Demigod Transmuter)               Turns: 954, Time: 00:11:50

Health: -4/27      AC:  2    Str: 18    XL:     3   Next: 8%
Magic:  6/8        EV: 12    Int: 19    God:
Gold:   53         SH:  0    Dex: 16    Spells: 2 memorised, 3 levels left

rFire  . . .     SeeInvis .       - Unarmed
rCold  . . .     Clarity  .     c - +0 robe
rNeg   . . .     SustAb   +     (no shield)
rPois  .         Gourm    .     (no helmet)
rElec  .         Spirit   .     (no cloak)
rCorr  .         Warding  .     (no gloves)
rMut   .         Stasis   .     (no boots)
MR     .....                    (no amulet)
Stlth  +.........               (no ring)
                                (no ring)

@: mighty, not resistant to hostile enchantments, very unstealthy
A: sustain abilities
a: no special abilities


You were on level 3 of the Dungeon.
You were very hungry.

You visited 1 branch of the dungeon, and saw 3 of its levels.

You collected 53 gold pieces.

Inventory:

Hand weapons
 k - a +0 hunting sling
   (You found it on level 2 of the Dungeon)
Missiles
 b - 46 arrows
 i - 65 stones (quivered)
Armour
 c - a +0 robe (worn)
Scrolls
 e - a scroll of random uselessness {unknown}
 g - 2 scrolls of identify
 h - 2 scrolls of teleportation {unknown}
 j - a scroll of enchant armour {unknown}
Potions
 l - 2 potions of cancellation
Books
 d - a book of Changes

   Spells                             Type                      Level
   a - Beastly Appendage              Transmutation                1
   b - Sticks to Snakes               Transmutation                2
   c - Spider Form                    Transmutation/Poison         3
   d - Ice Form                       Ice/Transmutation            4
   e - Blade Hands                    Transmutation                5
Comestibles
 a - 2 bread rations


   Skills:
 - Level 0.8 Fighting
 - Level 1.7 Dodging
 + Level 3.6 Unarmed Combat
 - Level 2.0 Spellcasting
 - Level 2.1 Transmutations


You had 3 spell levels left.
You knew the following spells:

 Your Spells              Type           Power        Failure   Level  Hunger
e - Beastly Appendage     Trmt           #.....       10%         1    #......
k - Sticks to Snakes      Trmt           #.........   12%         2    ###....


Dungeon Overview and Level Annotations

Branches:
Dungeon (3/15)


Innate Abilities, Weirdness & Mutations

Your attributes are resistant to harm.


Message History

You climb upwards.
There is a stone staircase leading down here.
There is an open door here.
There is a stone staircase leading down here.
Eat which item? (? for menu, Esc to quit)
Okay, then.
A quokka comes into view.
There is a stone staircase leading down here.
Wield which item (- for none, * to show all)? (? for menu, Esc to quit)
You are already wielding that!
Casting: Sticks to Snakes
Confirm with . or Enter, or press ? or * to list all spells.
You create a snake!
Your ball python bites the quokka.
Your ball python misses the quokka.
Wield which item (- for none, * to show all)? (? for menu, Esc to quit)
You are now empty-handed.
You miss the quokka.
The quokka is lightly wounded.
Your ball python closely misses the quokka. x2
The quokka bites you.
You closely miss the quokka.
The quokka is lightly wounded.
Your ball python barely misses the quokka.
Your ball python grabs the quokka.
Your ball python constricts the quokka.
The quokka bites you.
You hit the quokka.
The quokka is moderately wounded.
Your ball python bites the quokka.
Your ball python constricts the quokka.
The quokka bites you.
Your ball python bites the quokka but does no damage.
Your ball python constricts the quokka.
You hit the quokka.
You kill the quokka!
There is a stone staircase leading down here.
You climb downwards.
Your summoned ally is left behind.
There is a stone staircase leading up here.
An adder comes into view.
Wield which item (- for none, * to show all)? (? for menu, Esc to quit)
b - 48 arrows (in hand)
Casting: Sticks to Snakes
Confirm with . or Enter, or press ? or * to list all spells.
You create a snake!
The adder barely misses your ball python.
Your ball python closely misses the adder.
Your ball python misses the adder.
The adder bites your ball python.
Your ball python dies!
There is a stone staircase leading up here.
You climb upwards.
There is a stone staircase leading down here.
Eat which item? (? for menu, Esc to quit)
Okay, then.
You are feeling very hungry.
Eat which item? (? for menu, Esc to quit)
Okay, then.
You swap places.
Magic restored.
Your ball python withers and dies!
There is a stone staircase leading down here.
There is an open door here.
There is a stone staircase leading down here.
Wield which item (- for none, * to show all)? (? for menu, Esc to quit)
Okay, then.
You climb downwards.
The water moccasin hisses angrily.
There is a stone staircase leading up here.
Casting: Sticks to Snakes
Confirm with . or Enter, or press ? or * to list all spells.
Okay, then.
Casting: Sticks to Snakes
Confirm with . or Enter, or press ? or * to list all spells.
You create a snake!
The water moccasin bites you!
* * * LOW HITPOINT WARNING * * *
The water moccasin bites you.
* * * LOW HITPOINT WARNING * * *
Casting: Sticks to Snakes
Confirm with . or Enter, or press ? or * to list all spells.
Okay, then.
Drink which item? (? for menu, Esc to quit)
You feel very mighty all of a sudden. The water moccasin closely misses you.
Your adder bites the water moccasin.
Wield which item (- for none, * to show all)? (? for menu, Esc to quit)
You are now empty-handed.
The water moccasin bites you.
* * * LOW HITPOINT WARNING * * *
Your adder bites the water moccasin.
You hit the water moccasin.
The water moccasin is moderately wounded.
The water moccasin closely misses you.
Your adder bites the water moccasin but does no damage.
You closely miss the water moccasin.
The water moccasin is moderately wounded.
The water moccasin barely misses you.
Your adder bites the water moccasin.
The water moccasin barely misses you.
You hit the water moccasin.
The water moccasin is severely wounded.
Your adder closely misses the water moccasin.
The water moccasin barely misses you.
You barely miss the water moccasin.
The water moccasin is severely wounded.
Your adder misses the water moccasin. The water moccasin bites you.
You die...

. #.........#
....##.........#
.....##.........#
......##.........#
.......##.........#
........##.........#
........##.........#
...................#
........)!...SS@....#
#$............<.....#
#######....##########
#....# .........
...........#
...........#
..........#
.........#


You could see a water moccasin and a friendly adder.

Vanquished Creatures
  2 adders (D:2)
  An ooze (D:1)
  3 giant cockroaches
  2 goblins
  3 hobgoblins (D:1)
  A quokka (D:2)
  3 bats
  A giant newt (D:1)
  4 kobolds (D:2)
  A rat (D:1)
21 creatures vanquished.

Vanquished Creatures (collateral kills)
  2 goblins
2 creatures vanquished.

Grand Total: 23 creatures vanquished

Notes
Turn   | Place    | Note
--------------------------------------------------------------
     0 | D:1      | tidbits, the Demigod Transmuter, began the quest for the Orb.
     0 | D:1      | Reached XP level 1. HP: 15/15 MP: 3/3
   138 | D:1      | Reached skill level 2 in Spellcasting
   303 | D:1      | Reached skill level 2 in Transmutations
   417 | D:1      | Reached XP level 2. HP: 7/22 MP: 3/5
   421 | D:1      | Learned a level 2 spell: Sticks to Snakes
   439 | D:1      | Reached skill level 3 in Unarmed Combat
   584 | D:2      | Found an opulent altar of Gozag.
   718 | D:2      | Reached XP level 3. HP: 13/27 MP: 4/8
   863 | D:3      | Noticed a water moccasin
   950 | D:3      | HP: 2/27 [water moccasin (5)]
   954 | D:3      | Slain by a water moccasin

Action                   || total
-------------------------++-------
Melee: Unarmed           ||    81
Throw: Stone             ||     1
 Cast: Beastly Appendage ||    14
       Sticks to Snakes  ||    10
  Use: Potion            ||     2
       Scroll            ||     2
 Stab: Sleeping          ||     1

Table legend:
 A = Turns spent in this place as a percentage of turns spent in the entire game.
 B = Non-inter-level travel turns spent in this place as a percentage of non-inter-level travel turns spent in the entire game.
 C = Inter-level travel turns spent in this place as a percentage of turns spent in this place.
 D = Turns resting spent in this place as a percentage of non-inter-level travel turns spent in this place.
 E = Turns spent auto-exploring this place as a percentage of non-inter-level travel turns spent in this place.
 F = Non-inter-level travel turns spent in this place divided by the number of levels of this place that you've seen.
                   A       B       C       D       E      F
               +-------+-------+-------+-------+-------+----------------------
         Total | 100.0 | 100.0 |   0.5 |   0.0 |   0.0 | 261.3
       Dungeon | 100.0 | 100.0 |   0.5 |   0.0 |   0.0 | 261.3
               +-------+-------+-------+-------+-------+----------------------

Table legend:
 A = Kills in this place as a percentage of kills in entire the game.
 B = Kills by you in this place as a percentage of kills by you in the entire game.
 C = Kills by friends in this place as a percentage of kills by friends in the entire game.
 D = Other kills in this place as a percentage of other kills in the entire game.
 E = Experience gained in this place as a percentage of experience gained in the entire game.
 F = Experience gained in this place divided by the number of levels of this place that you have seen.
                   A       B       C       D       E      F
               +-------+-------+-------+-------+-------+----------------------
         Total | 100.0 | 100.0 | 100.0 |  -nan | 100.0 |  18.0
       Dungeon | 100.0 | 100.0 | 100.0 |  -nan | 100.0 |  18.0
               +-------+-------+-------+-------+-------+----------------------

Vault maps used:
D:1:      minmay_arrival_widening_spiral_narrow
D:2:      minmay_door_path, nicolae_gozag_seed_capital, first_bread
